Map: Rorschach LE

Players

Seed - Winner!

  • Race: Terran Terran
  • League: Diamond

샤이닐

  • Race: Zerg Zerg
  • League: Master

VOD

Have the link to the VOD?

Description

Time

  • Played on: June 23, 2026, 4:11 a.m.
  • Length: 15:19
Show
View Real Time Build Order
Export as new Build Order

Seed Terran - Winner!

Build Orders:  

Get SALT Encoding   

  8  0:00  SCV  
  9  0:12  SCV  
  10  0:24  SCV  
  11  0:32  Supply Depot  
  11  0:37  SCV  
  12  0:49  Supply Depot  
  12  1:06  Barracks  
  12  1:12  Refinery  
  12  1:17  SCV  
  13  1:29  SCV  
  14  1:41  Barracks  
  14  1:42  SCV  
  15  1:53  Marine  
  16  2:00  Orbital Command  
  16  2:12  Refinery, Barracks Reactor  
  16  2:25  SCV  
  16  2:29  Barracks Tech Lab  
  17  2:37  SCV  
  17  2:39  Supply Depot  
  18  2:49  SCV  
  18  2:50  Marine x2  
  21  2:57  Stimpack  
  21  3:01  SCV  
  22  3:06  Marine  
  23  3:14  Factory  
  23  3:15  SCV  
  24  3:22  Supply Depot  
  24  3:27  SCV  
  24  3:29  Marauder  
  27  3:37  Marine  
  27  3:40  SCV  
  29  3:47  Supply Depot  
  29  3:51  Marine  
  29  3:52  SCV  
  29  3:55  Marine  
  32  4:00  Factory Reactor  
  32  4:11  Starport  
  32  4:13  Marine  
  33  4:17  Supply Depot  
  33  4:19  Marine  
  34  4:25  Marine  
  34  4:31  Marine  
  35  4:36  Combat Shield  
  36  4:38  Marine  
  36  4:44  Widow Mine  
  39  4:45  Marine  
  39  4:50  Supply Depot  
  39  4:52  Marine  
  41  4:57  Medivac x2  
  45  5:04  Marine  
  45  5:06  Widow Mine, Marine  
  49  5:10  Marine  
  50  5:17  Supply Depot  
  50  5:21  Marine  
  50  5:24  Marine  
  50  5:27  Widow Mine  
  54  5:32  Marine  
  55  5:38  Medivac x2  
  55  5:39  Marine  
  60  5:45  Supply Depot  
  60  5:48  Marine, Widow Mine  
  63  5:52  Marine  
  64  5:57  Marine  
  65  6:06  Marine  
  61  6:45  Marine x3  
  55  7:03  Marine  
  46  7:32  Marine x2  
  46  7:33  Marauder  
  46  7:35  Medivac x2  
  52  7:37  Widow Mine  
  52  7:38  Command Center, Concussive Shells  
  51  7:50  Marine x2  
  53  7:52  SCV  
  53  7:53  Marine  
  53  7:56  Engineering Bay  
  55  8:04  SCV  
  55  8:05  Liberator x2  
  62  8:08  Marine x2  
  62  8:11  Bunker, Marine  
  65  8:16  SCV  
  66  8:28  SCV  
  66  8:30  Marauder  
  66  8:32  Factory Tech Lab  
  69  8:34  Barracks  
  69  8:40  SCV  
  70  8:51  Orbital Command  
  70  8:52  Terran Infantry Weapons Level 1, SCV  
  71  9:13  Marine  
  71  9:15  Orbital Command  
  72  9:19  SCV  
  72  9:24  Engineering Bay  
  73  9:27  Armory  
  73  9:31  SCV, Siege Tank  
  77  9:41  Barracks Tech Lab  
  77  9:44  SCV  
  78  9:47  Medivac  
  78  9:50  SCV  
  81  9:56  SCV  
  82  10:02  SCV  
  82  10:05  Siege Tank  
  86  10:08  SCV  
  86  10:09  Barracks  
  86  10:13  Barracks, Terran Infantry Armor Level 1  
  87  10:20  SCV  
  88  10:23  Marauder  
  88  10:26  Refinery  
  90  10:29  Supply Depot  
  90  10:32  Supply Depot  
  90  10:51  Marine, SCV x2, Marauder, Supply Depot  
  92  11:01  Barracks Tech Lab  
  92  11:02  Barracks Reactor  
  92  11:06  Terran Infantry Weapons Level 2, Missile Turret  
  92  11:07  Medivac x2  
  92  11:09  Marauder  
  92  11:10  Marine x2  
  100  11:13  Marauder  
  100  11:16  SCV x2  
  104  11:20  Refinery  
  104  11:26  Supply Depot  
  104  11:27  Marine  
  104  11:28  Marauder, Marine, SCV x2, Missile Turret  
  104  11:30  Marine  
  111  11:35  Siege Tank  
  114  11:44  Supply Depot  
  114  11:48  SCV  
  114  11:49  Supply Depot  
  114  11:50  Missile Turret  
  115  11:57  Marauder x2  
  115  11:58  Marauder, Marine  
  122  12:02  SCV  
  122  12:06  Supply Depot  
  123  12:09  Supply Depot, Marine  
  123  12:11  Marine  
  124  12:19  Marauder x3, Supply Depot  
  124  12:21  Missile Turret  
  128  12:32  Supply Depot  
  128  12:33  Marine  
  128  12:34  Terran Infantry Armor Level 2  
  129  12:42  Supply Depot  
  127  13:04  Marauder x3, Marine x3  
  127  13:05  Marine  
  137  13:22  Marine x2  
  137  13:23  Liberator  
  137  13:24  Liberator  
  137  13:25  Marauder  
  137  13:26  Marauder x2  
  151  13:37  Marine  
  151  13:40  Siege Tank  
  149  14:06  Liberator  
Show
View Real Time Build Order
Export as new Build Order

샤이닐 Zerg 

Build Orders: Pool First 

Get SALT Encoding   

  8  0:00  Drone  
  9  0:10  Drone  
  10  0:19  Drone  
  11  0:51  Drone  
  12  0:58  Overlord  
  12  1:03  Spawning Pool  
  11  1:12  Drone  
  11  1:17  Drone x2  
  14  1:37  Hatchery  
  13  1:41  Drone  
  14  1:48  Drone  
  14  1:50  Drone  
  16  2:02  Queen  
  18  2:10  Zergling x4  
  18  2:15  Overlord  
  20  2:25  Extractor  
  20  2:26  Drone  
  20  2:33  Roach Warren  
  20  2:35  Drone  
  20  2:41  Overlord  
  20  2:48  Overlord  
  20  2:56  Drone  
  21  3:05  Drone x2  
  23  3:09  Drone x2  
  25  3:14  Overlord  
  25  3:17  Drone  
  25  3:19  Drone  
  27  3:23  Drone  
  28  3:33  Drone x3  
  31  3:41  Queen  
  33  3:53  Drone x4  
  37  3:56  Spore Crawler  
  36  4:06  Spore Crawler  
  35  4:13  Drone x3  
  35  4:16  Overlord  
  38  4:28  Overlord  
  38  4:29  Drone x3  
  41  4:31  Extractor  
  41  4:34  Evolution Chamber  
  41  4:35  Drone  
  40  4:41  Drone  
  41  4:47  Roach  
  41  4:50  Drone  
  44  4:52  Hatchery  
  44  4:57  Drone  
  44  4:58  Drone x3, Roach  
  44  4:59  Roach  
  51  5:04  Metabolic Boost  
  51  5:07  Zerg Ground Armor Level 1  
  51  5:12  Roach  
  53  5:16  Roach  
  53  5:17  Roach, Extractor  
  53  5:20  Overlord  
  56  5:27  Drone x3  
  59  5:30  Roach  
  59  5:33  Roach  
  63  5:41  Lair  
  63  5:44  Drone x3  
  63  5:45  Drone  
  63  5:49  Extractor  
  66  5:52  Roach x2  
  66  5:53  Roach  
  72  6:04  Overlord x2, Roach  
  72  6:07  Roach  
  75  6:14  Roach  
  75  6:17  Roach  
  67  6:19  Roach  
  67  6:24  Lair  
  65  6:25  Roach x2  
  65  6:27  Roach  
  65  6:28  Zergling x8  
  70  6:33  Roach  
  70  6:35  Roach  
  70  6:36  Roach  
  68  6:40  Roach x2  
  68  6:45  Queen  
  71  6:49  Roach  
  60  6:54  Roach  
  60  6:58  Roach  
  64  7:03  Roach  
  64  7:06  Drone x2  
  68  7:14  Zerg Ground Armor Level 2  
  68  7:20  Glial Reconstitution  
  59  7:28  Roach x2  
  53  7:34  Roach  
  53  7:36  Roach  
  57  7:40  Roach  
  57  7:43  Roach  
  59  7:44  Roach  
  61  7:52  Queen  
  61  7:56  Roach  
  65  8:00  Roach  
  67  8:06  Roach  
  67  8:10  Roach x2  
  73  8:14  Drone  
  74  8:20  Drone  
  74  8:21  Drone  
  74  8:22  Drone  
  77  8:31  Roach x3  
  83  8:38  Overlord  
  84  8:41  Drone  
  84  8:46  Overlord  
  84  8:52  Overlord  
  84  8:54  Roach  
  84  9:02  Roach x3  
  90  9:06  Drone x3  
  93  9:18  Overlord  
  93  9:22  Drone x3  
  96  9:25  Drone x2  
  96  9:30  Zerg Missile Weapons Level 1  
  98  9:33  Pneumatized Carapace  
  98  9:35  Roach x2  
  102  9:38  Drone  
  102  9:39  Drone  
  102  9:42  Overlord  
  104  9:47  Drone x2  
  104  9:48  Drone  
  104  9:51  Drone x2  
  109  9:55  Drone x3  
  112  10:04  Drone x3, Spore Crawler  
  114  10:09  Overseer  
  114  10:14  Drone x6  
  120  10:20  Overlord x2  
  120  10:29  Overlord  
  120  10:31  Roach x2  
  123  10:41  Roach x3, Infestation Pit  
  125  10:44  Queen  
  125  10:48  Roach x5  
  131  11:02  Hatchery  
  130  11:13  Hatchery  
  130  11:16  Drone x2  
  131  11:23  Ravager  
  131  11:24  Ravager x10  
  142  11:26  Drone  
  142  11:27  Drone  
  144  11:33  Overlord  
  144  11:41  Overlord  
  144  11:42  Overlord  
  144  11:49  Overlord  
  144  11:53  Drone x3  
  144  11:54  Drone x2  
  149  12:00  Drone  
  150  12:03  Zerg Missile Weapons Level 2  
  150  12:06  Hive  
  150  12:10  Overlord  
  150  12:17  Hydralisk Den  
  150  12:18  Drone x6  
  155  12:31  Drone  
  155  12:32  Drone x5  
  155  12:34  Extractor  
  155  12:35  Extractor  
  159  12:43  Hive  
  159  12:44  Roach x3  
  159  12:45  Roach  
  159  12:47  Roach x3  
  159  12:51  Drone  
  174  13:03  Roach x3  
  180  13:07  Queen  
  180  13:11  Drone x3  
  185  13:17  Hatchery  
  185  13:19  Burrow, Grooved Spines  
  184  13:20  Hatchery  
  184  13:24  Lurker Den  
  182  13:28  Spore Crawler  
  182  13:30  Spine Crawler  
  182  13:33  Drone x2  
  182  13:34  Drone x5  
  187  13:35  Overlord  
  187  13:47  Spine Crawler  
  184  13:49  Spine Crawler  
  184  13:52  Hydralisk  
  184  13:53  Hydralisk x2  
  184  13:55  Roach  
  185  13:56  Roach  
  185  14:00  Roach x2  
  187  14:03  Roach x2  
  187  14:08  Roach  
  187  14:09  Roach x2, Muscular Augments  
  193  14:13  Roach  
  193  14:15  Roach x2  
  188  14:23  Hydralisk  
  188  14:24  Hydralisk x2  
  163  14:26  Ravager x4  
  165  14:35  Roach  
  165  14:36  Roach x3  
  133  14:42  Roach x2  
  123  14:48  Roach x2  
  112  14:52  Overseer  
  112  14:54  Hydralisk x5  
  112  14:55  Hydralisk x2  
  112  14:58  Roach  
Tags
 
Add a new tag
Caveats
  • Supply blocks, unpowered buildings, or Contaminate may cause inaccurate times.
  • Supply counts are checked every 10 seconds.